 Dungeon Crawl Stone Soup version 0.31.0-1-g2c135a0 (webtiles) character file.

Game seed: 17559354115818014531

2064 brinewave the Ducker (level 9, -2/54 HPs)
             Began as a Deep Elf Monk on Jan 26, 2024.
             Was an Elder of Uskayaw.
             Slain by a phantom (4 damage)
             ... on level 7 of the Dungeon.
             The game lasted 00:18:25 (5909 turns).

brinewave the Ducker (Deep Elf Monk)                Turns: 5909, Time: 00:18:25

Health: -2/54      AC:  4    Str:  8    XL:     9   Next: 5%
Magic:  0/11       EV: 17    Int: 18    God:    Uskayaw [****..]
Gold:   386        SH:  0    Dex: 19    Spells: 8/8 levels left

rFire   . . .        w - +4 rapier (drain)
rCold   . . .        (no shield)
rNeg    . . .        b - +0 robe
rPois   .            j - +0 mask of the Dragon {Will+ Slay+3 SInv}
rElec   .            M - +0 cloak
rCorr   +            e - +0 pair of gloves
SInv    +            (no boots)
Will    +....        N - amulet of guardian spirit
Stlth   ++++         F - ring of resist corrosion
HPRegen 0.29/turn    (no ring)
MPRegen 0.12/turn

%: guardian spirit
@: no status effects
A: no striking features
a: Renounce Religion, Stomp, Line Pass


You were on level 7 of the Dungeon.
You worshipped Uskayaw.
Uskayaw was noncommittal.
You visited 2 branches of the dungeon, and saw 8 of its levels.
You also visited: Sewer.

You collected 386 gold pieces.

Inventory:

Hand Weapons
 g - a +2 dagger of venom
 l - a +0 spear
 w - a +4 rapier of draining (weapon)
Missiles
 f - 22 stones (quivered)
 y - 26 poisoned darts
Armour
 b - a +0 robe (worn)
 d - an orb of light
 e - a +0 pair of gloves (worn)
 j - the +0 mask of the Dragon (worn) {Will+ Slay+3 SInv}
   (You found it on level 2 of the Dungeon)

   Slay+3:    It affects your accuracy & damage with ranged weapons and melee
   (+3).
   Will+:     It increases your willpower.
   SInv:      It lets you see invisible.
 u - a +0 buckler
 A - the +2 leather armour of the Wilderness {Rampage}
   (You found it on level 6 of the Dungeon)

   Rampage:   It bestows one free step when moving towards enemies.
 I - a +3 leather armour of poison resistance
 M - a +0 cloak (worn)
Jewellery
 h - a ring of fire
 F - a ring of resist corrosion (left hand)
 H - an amulet of faith
 N - an amulet of guardian spirit (around neck)
Wands
 s - a wand of polymorph (9)
 L - a wand of flame (24)
Scrolls
 a - 2 scrolls of amnesia {unknown}
 i - 6 scrolls of identify {unknown}
 k - 3 scrolls of silence {unknown}
 m - 2 scrolls of teleportation {unknown}
 n - a scroll of vulnerability {unknown}
 o - 2 scrolls of enchant weapon {unknown}
 r - a scroll of noise {unknown}
 B - 3 scrolls of poison {unknown}
 D - a scroll of enchant armour {unknown}
 E - a scroll of summoning {unknown}
 K - a scroll of fear {unknown}
 O - 2 scrolls of immolation {unknown}
Potions
 c - a potion of ambrosia
 p - 3 potions of lignification {unknown}
 q - 2 potions of degeneration {unknown}
 t - a potion of magic {unknown}
 v - a potion of mutation {unknown}
 x - 5 potions of curing
 z - 2 potions of enlightenment
 C - a potion of heal wounds {unknown}
 G - 3 potions of might {unknown}
 J - a potion of cancellation {unknown}
 P - 2 potions of haste {unknown}


   Skills:
 + Level 5.2 Fighting
 * Level 7.5 Short Blades
 + Level 7.6 Dodging
 + Level 7.1 Stealth


You had 8 spell levels left.
You didn't know any spells.
Your spell library contained the following spells:

 Spells                   Type           Power      Damage    Failure   Level
 Gell's Gravitas          Tloc           0%         N/A       54%         3
 Teleport Other           Tloc           0%         N/A       54%         3
 Dispersal                Tloc           0%         N/A       100%        6


Dungeon Overview and Level Annotations

Branches:
Dungeon (7/15)             Temple (1/1) D:5           Sewer (visited)

Altars:
Cheibriados
Dithmenos
Elyvilon
Fedhas
Gozag
Hepliaklqana
Kikubaaqudgha
Nemelex Xobeh
Okawaru
Qazlal
Ru
Sif Muna
Trog
Uskayaw
Wu Jian
Xom
Yredelemnul
The Shining One

Shops:
D:3 (


Message History

You hit the orc wizard. You drain the orc wizard.
The orc wizard is severely wounded.
The hound completely misses you.
Uskayaw will force your foes to share their pain.
Uskayaw links your audience in an emotional bond!
You puncture the orc wizard!
You kill the orc priest!
You kill the orc wizard!
The hound closely misses you. The phantom closely misses you.
You have reached level 9!
Your experience leads to an increase in your attributes!
Increase (S)trength, (I)ntelligence, or (D)exterity?
You feel clever. x2
You miss the hound.
The hound is severely wounded.
The hound misses you.
The orc priest calls down the wrath of Beogh upon you.
Beogh smites you!
* * * LOW HITPOINT WARNING * * *
The phantom barely misses you.
You puncture the hound!
You kill the hound!
The orc priest is no longer sharing its pain.
The phantom is no longer sharing its pain.
The orc priest looks encouraged for a moment.
The phantom barely misses you.
You hit the phantom.
The phantom is moderately damaged.
The phantom completely misses you.
You barely miss the orc priest.
The orc priest is heavily wounded.
The orc priest calls down the wrath of Beogh upon you.
Beogh smites you!
* * * LOW HITPOINT WARNING * * *
The phantom misses you.
You puncture the orc priest!
You kill the orc priest!
You closely miss the phantom.
The phantom is moderately damaged.
The phantom hits you.
You die...

####.....####... #
######.###.##....#
#.............##
#...........##
#.........#.## #.#
###########..#
..#.. ##.###
...... #...##
..#.. ###.@##
#....
#W).####..###..
#.).)..........
#..........####
..............#
#.$........$...#
#####..........#
#..........#
#..........#


You could see a phantom.

Vanquished Creatures
  Eustachio (D:5)
  Edmund (D:4)
  2 orc warriors
  An ice beast (D:5)
  A centaur (D:7)
  A phantom (D:4)
  4 kobold brigands
  A bullfrog (D:7)
  A scorpion (D:6)
  A howler monkey (D:5)
  A jelly (D:5)
  5 hounds
  A sleepcap (D:6)
  4 orc priests
  Ijyb (D:4)
  Terence (D:3)
  4 iguanas
  6 orc wizards
  7 gnolls
  9 adders
  A river rat (Sewer)
  A white imp (D:6)
  A dart slug (D:1)
  4 ribbon worms
  14 orcs
  4 bats
  6 endoplasms
  4 giant cockroaches
  6 goblins (D:1)
  10 hobgoblins
  8 jackals
  5 quokkas
  9 ball pythons
  6 frilled lizards
  13 kobolds
  16 rats
161 creatures vanquished.

Notes
Turn   | Place    | Note
-------+----------+-------------------------------------------
     0 | D:1      | brinewave the Deep Elf Monk began the quest for the Orb.
     0 | D:1      | Reached XP level 1. HP: 13/13 MP: 3/3
   100 | D:1      | Found a faded altar of an unknown god.
   130 | D:1      | Reached skill level 1 in Stealth
   130 | D:1      | Reached XP level 2. HP: 18/18 MP: 4/4
   769 | D:2      | Reached XP level 3. HP: 21/22 MP: 5/5
  1239 | D:2      | Found the +0 mask of the Dragon {Will+ Slay+3 SInv}
  1472 | D:2      | Reached XP level 4. HP: 19/27 MP: 6/6
  1812 | D:3      | Found a hide-covered altar of Uskayaw.
  1849 | D:3      | Became a worshipper of Uskayaw the Reveller
  1849 | D:3      | Reached * piety under Uskayaw
  1957 | D:3      | Noticed Terence
  1970 | D:3      | Killed Terence
  1971 | D:3      | Reached XP level 5. HP: 26/32 MP: 3/7
  2007 | D:3      | Identified the +0 chain mail of Context {+Blink rElec Str+2
                  | Slay-3}
  2033 | D:3      | You fall into a shaft and drop 3 floors!
  2079 | D:6      | Found a basalt altar of Yredelemnul.
  2105 | D:6      | Noticed an orc warrior
  2147 | D:5      | Entered Level 5 of the Dungeon
  2175 | D:5      | Noticed an ice beast
  2297 | D:5      | Noticed Eustachio
  2314 | D:5      | Reached skill level 5 in Dodging
  2322 | D:5      | Reached ** piety under Uskayaw
  2333 | D:5      | Killed Eustachio
  2334 | D:5      | Reached XP level 6. HP: 26/38 MP: 8/8
  2573 | D:6      | Found a glowing drain.
  2580 | Sewer    | Entered a sewer
  2659 | Sewer    | Reached *** piety under Uskayaw
  2661 | Sewer    | Reached XP level 7. HP: 33/43 MP: 9/9
  2662 | Sewer    | Reached **** piety under Uskayaw
  2711 | Sewer    | Found a white marble altar of Elyvilon.
  2763 | D:6      | Identified the +2 leather armour of the Wilderness
                  | {Rampage}
  2916 | D:6      | Reached skill level 5 in Short Blades
  3016 | D:6      | Reached skill level 5 in Stealth
  3129 | D:6      | Found a blossoming altar of Fedhas.
  3559 | D:3      | Found Beddaic's Antique Weapon Shop.
  3817 | D:4      | Noticed Edmund
  3832 | D:4      | Killed Edmund
  3833 | D:4      | Reached XP level 8. HP: 11/48 MP: 10/10
  4136 | D:4      | Noticed Ijyb
  4144 | D:4      | Killed Ijyb
  5245 | D:5      | Found a staircase to the Ecumenical Temple.
  5254 | Temple   | Entered the Ecumenical Temple
  5472 | D:5      | Reached skill level 5 in Fighting
  5756 | D:7      | Reached ***** piety under Uskayaw
  5904 | D:7      | Reached XP level 9. HP: 24/54 MP: 5/11
  5907 | D:7      | HP: 2/54 [orc priest/divine providence (11)]
  5909 | D:7      | Slain by a phantom

Illustrated notes

Levels and vault maps discovered:
D:1:      onia_arrival_mini_maze, layout_rooms, chequers_ecumenical_altar_island
D:2:      layout_basic, serial_glass, glass_columns_c, glass_columns_b,
          feat_on_display, minmay_strange_pillars, minmay_strange_pillars,
          minmay_misc_feat_enclosed, nicolae_grassy_gnolls
D:3:      layout_rooms, old_standard_altar, serial_shops, shop,
          chequers_serial_rivers_micro_b, small_statue_intersection, hex_tiny,
          uniq_terence
D:4:      layout_layer_cave, st_stairs_9,
          nicolae_concentric_dashed_squares_wild, hangedman_decor_growths,
          uniq_edmund, uniq_ijyb
D:5:      cheibrodos_thug_alley, layout_loops_ring,
          minmay_temple_entry_antechambers, uniq_eustachio
D:6:      layout_loops_ring, fedhas_altar_4, yredelemnul_altar_generic,
          portal_sewer_entry_b, kennysheep_doodads
D:7:      layout_rooms, makhleb_heckhound_becter,
          mainiacjoe_overflow_small_starburst, vehumet_crystals
Temple:   bh_familiar_temple

Skill      XL: |  1  2  3  4  5  6  7  8 |
---------------+-------------------------+-----
Stealth        | 1 2 3 4 5 7 |  7.1
Dodging        | 4 5 6 7 |  7.6
Fighting       | 3 4 5 |  5.2
Short Blades   | 4 6 7 |  7.5

Action                     |  1- 3 |  4- 6 |  7- 9 || total
---------------------------+-------+-------+-------++-------
  Melee: Short sword       |    50 |       |       ||    50
         Dagger            |    71 |    64 |       ||   135
         Punch             |     3 |       |     3 ||     6
         Rapier            |       |    23 |   201 ||   224
  Throw: Stone             |       |     2 |     3 ||     5
 Invoke: Stomp             |       |     1 |       ||     1
   Stab: Sleeping          |     6 |     5 |    14 ||    25
         Paralysed         |       |     1 |     6 ||     7
         Distracted        |       |     1 |     1 ||     2
 Armour: Robe              |    41 |    26 |    76 ||   143
  Dodge: Dodged            |    59 |    48 |   143 ||   250
